 Dungeon Crawl Stone Soup version 0.31.0-9-g3a7656b989 (webtiles) character file.

Game seed: 15226621535366455363

59 qw the Shooter (level 3, 0/20 HPs)
             Began as a Deep Elf Hunter on Feb 2, 2024.
             Slain by a hobgoblin (4 damage)
             ... on level 2 of the Dungeon.
             The game lasted 00:00:04 (1218 turns).

qw the Shooter (Deep Elf Hunter)                    Turns: 1218, Time: 00:00:04

Health: 0/20       AC:  3    Str: 10    XL:     3   Next: 78%
Magic:  5/5        EV: 12    Int: 13    God:
Gold:   43         SH:  0    Dex: 18    Spells: 2/2 levels left

rFire   . . .        a - +1 shortbow
rCold   . . .        (shield currently unavailable)
rNeg    . . .        c - +0 leather armour
rPois   .            (no helmet)
rElec   .            (no cloak)
rCorr   .            (no gloves)
SInv    .            (no boots)
Will    .....        (no amulet)
Stlth   ++           (no ring)
HPRegen 0.23/turn    (no ring)
MPRegen 0.09/turn

%: no passive effects
@: no status effects
A: no striking features
a: no special abilities


You were on level 2 of the Dungeon.
You visited 1 branch of the dungeon, and saw 2 of its levels.

You collected 43 gold pieces.


   Skills:
 - Level 1.5 Fighting
 + Level 7.3 Ranged Weapons
 - Level 2.4 Dodging
 - Level 1.2 Stealth


You had 2 spell levels left.
You didn't know any spells.
Your spell library was empty.

Inventory:

Hand Weapons
 a - a +1 shortbow (weapon)
Armour
 c - a +0 leather armour (worn)
Jewellery
 d - a +6 ring of dexterity
Potions
 b - a potion of brilliance {unknown}
 h - a potion of curing

Dungeon Overview and Level Annotations

Branches:
Dungeon (2/15)

Altars:
Xom


Message History

You shoot an arrow. The arrow hits the hobgoblin!
You kill the hobgoblin!
You shoot an arrow. The arrow hits the goblin.
The goblin is moderately wounded.
The goblin barely misses you.
You shoot an arrow. The arrow hits the goblin!
You kill the goblin!
You shoot an arrow. The arrow hits the goblin.
The goblin is heavily wounded.
The goblin hits you with a +0 club.
You shoot an arrow. The arrow closely misses the goblin. x2
The goblin closely misses you. The goblin hits you with a +0 club.
You shoot an arrow. The arrow barely misses the goblin.
The arrow misses the goblin.
The goblin no longer looks unusually strong.
The goblin barely misses you. The hobgoblin hits you.
The goblin hits you with a +0 club. The hobgoblin closely misses you.
The goblin closely misses you. x2
You shoot an arrow. The arrow hits the goblin.
You kill the goblin!
The hobgoblin no longer looks unusually strong.
The hobgoblin closely misses you. The goblin hits you but does no damage.
You shoot an arrow. The arrow hits the goblin!
You kill the goblin!
The hobgoblin closely misses you. The goblin hits you but does no damage.
You shoot an arrow. The arrow hits the goblin!
You kill the goblin!
The goblin misses you. The hobgoblin hits you.
You shoot an arrow. The arrow hits the hobgoblin.
The hobgoblin is heavily wounded.
The hobgoblin barely misses you.
The hobgoblin hits you but does no damage.
The goblin closely misses you.
You shoot an arrow. The arrow barely misses the hobgoblin.
The goblin hits you but does no damage. The hobgoblin barely misses you.
The hobgoblin completely misses you.
You shoot an arrow. The arrow hits the hobgoblin.
You kill the hobgoblin!
The goblin closely misses you. The hobgoblin hits you.
You die...

#. #. .# >. ## .##
##.##.# .# ###..#
#.....##.####
#.##(###.#?..)<....#
##.##.#...#..%...[.....
##.###.#.# #)...<....##.
##..###...###g........#
###...........@gg.......#
#..........####g........#
#.#.#.####.# #......$..#
##.#.#.# #... #.........#
#....#.# ####.#.......
#..###.# #.......
##..###.# #######
.......%# ...###...#


You could see a hobgoblin and 3 goblins.

Vanquished Creatures
  Robin (D:2)
  An adder (D:1)
  3 bats
  3 endoplasms (D:1)
  3 giant cockroaches
  7 goblins
  7 hobgoblins
  4 kobolds (D:1)
  3 ball pythons (D:1)
  2 frilled lizards (D:1)
  A rat (D:1)
35 creatures vanquished.

Notes
Turn   | Place    | Note
-------+----------+-------------------------------------------
     0 | D:1      | qw the Deep Elf Hunter began the quest for the Orb.
     0 | D:1      | Reached XP level 1. HP: 12/12 MP: 3/3
     0 | D:1      | 0 ||| qw: Version: 0.3-a-155-g5e7d8dd
     0 | D:1      | 0 ||| qw: Game counter: 2287
     0 | D:1      | 0 ||| qw: Melee chars always use a shield: true
     0 | D:1      | 0 ||| qw: God list: Okawaru
     0 | D:1      | 0 ||| qw: Allow faded altars: false
     0 | D:1      | 0 ||| qw: Do Orc after clearing Dungeon:15 true
     0 | D:1      | 0 ||| qw: Do second Lair branch before Depths: true
     0 | D:1      | 0 ||| qw: Lair rune preference: random
     0 | D:1      | 0 ||| qw: Goals: Normal
     0 | D:1      | 0 ||| PLANNING D:1-11
   102 | D:1      | Reached XP level 2. HP: 16/16 MP: 4/4
   104 | D:1      | Reached skill level 6 in Ranged Weapons
   871 | D:1      | 871 ||| READING scroll labelled VUULIL VAFF.
   902 | D:1      | 902 ||| READING scroll labelled PAAFFIJ GOOMM.
   903 | D:1      | 903 ||| READING scroll labelled YHIOJ NUMYTIL.
   903 | D:1      | 903 ||| IDENTIFYING 2 lumpy pink potions
   904 | D:1      | 904 ||| READING scroll labelled HETYURENUGH.
   905 | D:1      | 905 ||| READING scroll labelled EGORUUHIST.
   905 | D:1      | 905 ||| ENCHANTING +0 shortbow.
   906 | D:1      | 906 ||| READING scroll labelled WYCVENT GILE.
  1007 | D:1      | 1007 ||| DRINKING 3 black potions.
  1008 | D:1      | 1008 ||| DROPPING scroll of butterflies.
  1009 | D:1      | 1009 ||| DROPPING 2 potions of lignification.
  1065 | D:2      | 1065 ||| STAIRDANCE
  1071 | D:1      | HP: 3/16 [poisoned by an adder]
  1072 | D:1      | Reached XP level 3. HP: 4/20 MP: 5/5
  1072 | D:1      | 1072 ||| DRINKING 2 potions of curing.
  1072 | D:1      | 1072 ||| (to cure poison)
  1118 | D:2      | 1118 ||| STAIRDANCE
  1135 | D:2      | Found a shimmering altar of Xom.
  1197 | D:2      | Noticed Robin
  1199 | D:2      | Killed Robin
  1200 | D:2      | Reached skill level 7 in Ranged Weapons
  1212 | D:2      | HP: 4/20 [goblin/+0 club[Robin] (6)]
  1218 | D:2      | Slain by a hobgoblin

Levels and vault maps discovered:
D:1:      matt_arrival_grand_opening, layout_basic
D:2:      layout_rooms, basic_altar, serial_shops, shop_statue,
          hellmonk_ecumenical_altar_defaced_shrine, uniq_robin

Skill      XL: |  1  2  3 |
---------------+----------+-----
Ranged Weapons | 6 7 |  7.3
Fighting       | |  1.5
Dodging        | |  2.4
Stealth        | |  1.2

Action                     || total
---------------------------++-------
   Fire: Shortbow          ||    87
    Use: Scroll            ||     6
         Potion            ||     2
 Armour: Leather armour    ||    36
  Dodge: Dodged            ||    35

Table legend:
 A = Non-vault XP
 B = Vault XP
 C = Vault XP percentage of total XP
 D = Non-vault monster count
 E = Vault monster count
 F = Vault count percentage of total count
                 A         B        C        D         E       F
            +---------+---------+-------+---------+---------+-------
      Total |      59 |      28 |  32.2 |      27 |       8 |  22.9
            +---------+---------+-------+---------+---------+-------
        D:1 |      47 |       0 |   0.0 |      21 |       0 |   0.0
        D:2 |      12 |      28 |  70.0 |       6 |       8 |  57.1
            +---------+---------+-------+---------+---------+-------
